 Dungeon Crawl Stone Soup version 0.31-a0-229-g1fc7ce93e2 (webtiles) character file.

Game seed: 3337827679919977503

88 qw the Shooter (level 4, -4/26 HPs)
             Began as a Gargoyle Hexslinger on July 6, 2023.
             Slain by Natasha (5 damage)
             ... on level 2 of the Dungeon.
             The game lasted 00:00:35 (1530 turns).

qw the Shooter (Gargoyle Hexslinger)                Turns: 1530, Time: 00:00:36

Health: -4/26      AC:  7    Str: 12    XL:     4   Next: 54%
Magic:  5/5        EV: 11    Int: 13    God:
Gold:   114        SH:  0    Dex: 14    Spells: 4/5 levels left

rFire   . . .        Y - +1 sling
rCold   + . .        (no shield)
rNeg    + . .        f - +1 leather armour {rC+}
rPois   inf          (no helmet)
rElec   +            (no cloak)
rCorr   .            (no gloves)
SInv    .            (no boots)
Will    .....        (no amulet)
Stlth   +            (no ring)
HPRegen 0.24/turn    (no ring)
MPRegen 0.09/turn

%: no passive effects
@: no status effects
A: sickness immunity, AC +3, negative energy resistance 1, electricity
resistance, torment resistance 1, petrification resistance
a: no special abilities


You were on level 2 of the Dungeon.
You visited 1 branch of the dungeon, and saw 2 of its levels.

You collected 114 gold pieces.


Innate Abilities, Weirdness & Mutations

You are immune to sickness and miasma.
Your stone body is resilient. (AC +3)
You are immune to poison.
You resist negative energy. (rN+)
You are resistant to electric shocks. (rElec)
You are resistant to unholy torment.
You are immune to petrification.


   Skills:
 - Level 2.0 Fighting
 + Level 4.3 Ranged Weapons
 - Level 1.5 Dodging
 - Level 1.0 Spellcasting
 - Level 2.6 Hexes


You had 4 spell levels left.
You knew the following spells:

 Your Spells              Type           Power      Damage    Failure   Level
a - Slow                  Hex            28%        N/A       12%         1

Your spell library contained the following spells:

 Spells                   Type           Power      Damage    Failure   Level
 Inner Flame              Hex/Fire       4%         N/A       52%         3
 Portal Projectile        Hex/Tloc       8%         N/A       52%         3
 Cause Fear               Hex            3%         N/A       75%         4

Inventory:

Hand Weapons
 Y - a +1 sling (weapon)
Armour
 f - a +1 leather armour of cold resistance (worn)
Scrolls
 c - a scroll of enchant armour {unknown}
 d - 3 scrolls of identify
Potions
 a - a potion of lignification {unknown}
 b - 2 potions of heal wounds {unknown}

Dungeon Overview and Level Annotations

Branches:
Dungeon (2/15)

Altars:

Annotations:
D:2 1 runed translucent door, Crazy Yiuf, Natasha


Message History

Enter note:
Enter note:
Enter note:
Enter note:
Enter note: You shoot a sling bullet.
The sling bullet hits the bat.
The bat is severely wounded.
The bat hits you but does no damage.
You shoot a sling bullet. The sling bullet hits the bat.
You kill the bat!
Natasha stares at you and mumbles some strange words.
You resist with some effort.
You shoot a sling bullet. The sling bullet misses Natasha.
Natasha mumbles some strange words.
You shoot a sling bullet. The sling bullet hits Natasha.
Natasha is lightly wounded.
You shoot a sling bullet. The sling bullet hits Natasha.
Natasha is lightly wounded.
Natasha mewls in sadness.
Natasha casts a spell at you. The magic dart hits you!
You shoot a sling bullet. The sling bullet barely misses Natasha.
The cerulean imp hits you but does no damage.
Natasha stares at you and mumbles some strange words.
You resist with some effort.
You shoot a sling bullet. The sling bullet hits Natasha.
Natasha is heavily wounded.
The cerulean imp barely misses you. Natasha casts a spell at you.
The magic dart hits you!
You shoot a sling bullet.
The sling bullet hits Natasha but does no damage.
Natasha is heavily wounded.
The cerulean imp hits you from afar with a +2 spear.
The cerulean imp hits you but does no damage.
Natasha claws you.
You shoot a sling bullet. The sling bullet hits Natasha.
Natasha is severely wounded.
Natasha claws you.
You die...

####...# ...#...#
##.#...# #.#...#
#.#)..######
#.....'....#
.###...####.##########
........#
#.##....5..###
........#
#.#...@h......
........#
#.....#%###.##
........# ###.#.#...
........# #.#.###)#
........# #.#..# ...
#.......#####.#.## #.#
+.......+>......# ..#
#.......#.###.#.# ##
....####..# #.#...


You could see Natasha and a cerulean imp (summoned).

Vanquished Creatures
  Natasha (D:2)
  An adder (D:2)
  A worm (D:2)
  A dart slug (D:2)
  A ball python (D:2)
  8 endoplasms
  5 giant cockroaches
  4 goblins (D:1)
  5 hobgoblins
  4 jackals (D:1)
  3 bats (D:2)
  4 kobolds
  5 rats
43 creatures vanquished.

Notes
Turn   | Place    | Note
-------+----------+-------------------------------------------
     0 | D:1      | qw the Gargoyle Hexslinger began the quest for the Orb.
     0 | D:1      | Reached XP level 1. HP: 12/12 MP: 2/2
     0 | D:1      | 0 ||| qw: Version: 0.3-a-46-gb1f654a
     0 | D:1      | 0 ||| qw: Game counter: 1658
     0 | D:1      | 0 ||| qw: Melee chars always use a shield: true
     0 | D:1      | 0 ||| qw: God list: Okawaru
     0 | D:1      | 0 ||| qw: Allow faded altars: false
     0 | D:1      | 0 ||| qw: Do Orc after clearing Dungeon:15 true
     0 | D:1      | 0 ||| qw: Do second Lair branch before Depths: true
     0 | D:1      | 0 ||| qw: Lair rune preference: random
     0 | D:1      | 0 ||| qw: Goals: Normal
     0 | D:1      | 0 ||| PLANNING D:1-11
   157 | D:1      | Reached XP level 2. HP: 16/16 MP: 3/3
   216 | D:1      | HP: 4/16 [jackal (2)]
   223 | D:1      | Reached skill level 3 in Ranged Weapons
   670 | D:1      | Reached XP level 3. HP: 21/21 MP: 4/4
   911 | D:1      | 911 ||| UPGRADING to +1 leather armour of cold resistance.
   921 | D:1      | 921 ||| DROPPING +0 robe.
   922 | D:1      | 922 ||| READING 2 scrolls labelled MIPUSKA BEXZOM.
   926 | D:1      | 926 ||| READING scroll labelled LUCOSS XAECLUW.
   927 | D:1      | 927 ||| READING scroll labelled JUMIGRAKOO.
   928 | D:1      | 928 ||| DROPPING scroll of poison.
  1035 | D:2      | Noticed Natasha
  1039 | D:2      | Killed Natasha
  1040 | D:2      | Reached XP level 4. HP: 26/26 MP: 5/5
  1052 | D:2      | Found a runed translucent door.
  1053 | D:2      | Noticed Crazy Yiuf
  1129 | D:2      | Reached skill level 4 in Ranged Weapons
  1273 | D:2      | Noticed Natasha
  1280 | D:2      | 1280 ||| Stepping ~*~*~tactically~*~*~ (outnumbered).
  1287 | D:2      | HP: 6/26 [cerulean imp/+1 spear[Natasha] (2)]
  1288 | D:2      | 1288 ||| READING scroll of teleportation.
  1289 | D:2      | 1289 ||| Stepping ~*~*~tactically~*~*~ (outnumbered).
  1529 | D:2      | HP: 1/26 [Natasha (6)]
  1530 | D:2      | Slain by Natasha

Levels and vault maps discovered:
D:1:      dpeg_arrival_simpleton_c, layout_loops_corners, st_stairs_3
D:2:      layout_basic, st_stairs_7, minmay_indecisive_spiral,
          uniq_crazy_yiuf_cottage, uniq_natasha

Skill      XL: |  1  2  3  4 |
---------------+-------------+-----
Ranged Weapons | 3 4 |  4.3
Fighting       | 2 |  2.0
Dodging        | |  1.5
Spellcasting   | |  1.0
Hexes          | |  2.6

Action                     |  1- 3 |  4- 6 || total
---------------------------+-------+-------++-------
   Fire: Sling             |    90 |    66 ||   156
    Use: Scroll            |     3 |     1 ||     4
 Armour: Robe              |    10 |       ||    10
         Leather armour    |     2 |    31 ||    33
  Dodge: Dodged            |    42 |    43 ||    85

Table legend:
 A = Non-vault XP
 B = Vault XP
 C = Vault XP percentage of total XP
 D = Non-vault monster count
 E = Vault monster count
 F = Vault count percentage of total count
                 A         B        C        D         E       F
            +---------+---------+-------+---------+---------+-------
      Total |      74 |      53 |  41.7 |      34 |       9 |  20.9
            +---------+---------+-------+---------+---------+-------
        D:1 |      38 |       4 |   9.5 |      21 |       3 |  12.5
        D:2 |      36 |      49 |  57.6 |      13 |       6 |  31.6
            +---------+---------+-------+---------+---------+-------
